 Dungeon Crawl Stone Soup version 0.30-a0-782-ge64f9170bb (webtiles) character file.

Game seed: 934071954623865146

2186 mopl the Martial Artist (level 9, -4/58 HPs)
             Began as a Djinni Transmuter on Mar 4, 2023.
             Was a Believer of Okawaru.
             Slain by a wight
             ... wielding a +3 dagger of freezing
              (11 damage)
             ... on level 7 of the Dungeon.
             The game lasted 00:11:16 (6924 turns).

mopl the Martial Artist (Djinni Transmuter)         Turns: 6924, Time: 00:11:17

Health: -4/58      AC:  2    Str: 13    XL:     9   Next: 59%
Gold:   91         EV: 19    Int: 16    God:    Okawaru [**....] SH:  5 Dex: 18

rFire   . . .      SeeInvis .      - Unarmed
rCold   . . .      Faith    .    (shield currently unavailable)
rNeg    . . .      Spirit   .    (body armour currently unavailable)
rPois   ∞          Reflect  +    (helmet currently unavailable)
rElec   .          Harm     .    (cloak currently unavailable)
rCorr   .          Rampage  .    (gloves currently unavailable)
Will    .....                    (boots unavailable)
Stlth   ++                       y - amulet of reflection
HPRegen 0.29/turn                (no ring)
MPRegen 0.00/turn                (no ring)

@: spider-form, flying
A: venomous fangs, flying, sickness immunity, tiny, (fire resistance 2), (cold
vulnerability 1), float, innate caster, HP casting, extra vitality 1
a: End Transformation, Renounce Religion, Heroism


You were on level 7 of the Dungeon.
You worshipped Okawaru.
Okawaru was pleased with you.
You were a venomous arachnid creature.
You visited 2 branches of the dungeon, and saw 8 of its levels.

You collected 391 gold pieces.
You spent 300 gold pieces at shops.

Inventory:

Hand Weapons
 p - a +2 dagger of draining
 q - a +1 vampiric spear
 F - a +0 spectral quarterstaff
Missiles
 r - 11 poisoned darts
 z - 2 datura-tipped darts
 C - 5 boomerangs
Armour
 a - a +0 robe (melded)
 o - a +0 pair of gloves (melded)
 x - a scarf of shadows (melded)
Jewellery
 y - an amulet of reflection (around neck)
Wands
 f - a wand of charming (17)
 t - a wand of roots (1)
Scrolls
 b - a scroll of immolation {unknown}
 c - 5 scrolls of blinking
 g - a scroll of fear {unknown}
 h - 2 scrolls of enchant armour {unknown}
 j - 4 scrolls of amnesia {unknown}
 k - 4 scrolls of fog
 l - 6 scrolls of teleportation
 n - 2 scrolls of vulnerability
 s - 2 scrolls of torment {unknown}
 u - 2 scrolls of enchant weapon {unknown}
 v - 2 scrolls of magic mapping
Potions
 d - 2 potions of berserk rage {!q}
 e - a potion of lignification {!q}
 i - a potion of might
 m - 3 potions of curing
 w - a potion of invisibility
 A - a potion of heal wounds
 B - a potion of brilliance {unknown}
 D - a potion of flight {unknown}
 E - a potion of mutation {unknown}


   Skills:
 + Level 2.1 Fighting
 + Level 1.3 Throwing
 - Level 2.1 Dodging
 * Level 9.3 Unarmed Combat
 + Level 4.8 Spellcasting
 + Level 4.7 Invocations


You couldn't memorise any spells.
You knew the following spells:

 Your Spells              Type           Power      Damage    Failure   Level
a - Beastly Appendage     Tmut           38%        N/A       9%          1
b - Spider Form           Tmut/Pois      19%        N/A       17%         3
c - Kiss of Death         Conj/Necr      76%        2d11      9%          1
d - Ice Form              Ice/Tmut       19%        N/A       43%         4
e - Vampiric Draining     Necr           19%        2d7       17%         3
f - Cause Fear            Hex            9%         N/A       43%         4
p - Passwall              Tmut/Erth      15%        N/A       11%         2
w - Wereblood             Tmut           19%        N/A       11%         2
Your spell library was empty.

Dungeon Overview and Level Annotations

Branches:
Dungeon (7/15)             Temple (1/1) D:5

Altars:
Ashenzari
Cheibriados
Dithmenos
Elyvilon
Fedhas
Hepliaklqana
Makhleb
Okawaru
Qazlal
Trog
Uskayaw
Wu Jian
Yredelemnul
Zin
The Shining One

Shops:
D:2 ?

Annotations:
D:4 3 runed translucent doors, ma3's ghost, weakling BaWr
D:7 1 runed translucent door, Crazy Yiuf


Innate Abilities, Weirdness & Mutations

You are a venomous arachnid creature.
You have venomous fangs.
You are tiny and dextrous.
You are flying.
Your spellcasting is less reliable in this form.
Your armour is entirely melded.
You are incapable of wielding weapons or throwing items.
You are immune to sickness and miasma.
You are immune to poison.
((Your flesh is very heat resistant. (rF++)))
((You are vulnerable to cold. (rC-)))
You float through the air rather than walking.
You learn spells naturally, not from books.
Your magical power is your life essence.
You have superior vitality. (+4 MHP)


Message History

Found 17 gold pieces.
The ice beast hits you. The ice beast freezes you!
The wight moves out of view.
There is an open door here.
You bite the ice beast!
The ice beast is heavily wounded.
The ice beast misses you.
You bite the ice beast!
The ice beast is severely wounded.
The ice beast barely misses you.
You hit the ice beast.
The ice beast is poisoned.
The ice beast is almost dead.
The ice beast hits you. The ice beast freezes you!
You hit the ice beast.
You kill the ice beast!
Okawaru accepts your kill.
You barely miss the wight. The wight barely misses you.
You hit the wight.
The wight is moderately damaged.
You barely miss the wight.
The wight is moderately damaged.
The wight hits you with a +3 dagger of freezing!
The wight freezes you.
You are too injured to fight recklessly!
You hit the wight.
The wight is heavily damaged.
The wight hits you with a +3 dagger of freezing!
* * * LOW HITPOINT WARNING * * *
The wight freezes you.
* * * LOW HITPOINT WARNING * * *
Okay, then.
Unknown command.
Okay, then.
Aiming: Fastroot
Press: ? - help, Shift-Dir - straight line, f - wight
Aim: a wight, wielding a +3 dagger of freezing and wearing a +0 robe (heavily damaged)
The roots erupt in riotous growth!
Roots grab the wight.
The grasping roots constrict the wight.
The wight hits you with a +3 dagger of freezing!
You die...

#..# #.### #..# #.###
#..# #.##. ###..# #.##.
$.#### ####.##. ...#
#....##. #### ...+
#######. ##..##z.# ##
#....s##### ####
#....##!..##+#..##
##).##.....##....#
##'##.......)....#
##..##...8...##..## #
#....'.......##†#######
#....##.....##..##.....
##..#+##.).##....######
#### #####'....# #


You could see a wight (rooted).

Vanquished Creatures
  2 wyverns (D:7)
  A steam dragon (D:7)
  A water moccasin (D:7)
  An orc warrior (D:7)
  An ice beast (D:7)
  A black bear (D:7)
  A sky beast (D:7)
  2 ogres (D:5)
  A centaur (D:7)
  3 bullfrogs (D:7)
  A scorpion (D:5)
  5 wights
  2 jellies
  4 hounds
  An orc priest (D:7)
  5 iguanas
  An orc wizard (D:6)
  6 adders
  A shadow imp (D:6)
  A white imp (D:6)
  4 ufetubi (D:5)
  A worm (D:4)
  A dart slug (D:3)
  11 orcs
  7 ball pythons
  11 endoplasms
  2 giant cockroaches (D:1)
  5 goblins
  4 hobgoblins
  5 jackals
  5 kobolds
  3 quokkas
  4 bats
  3 frilled lizards
  9 rats
116 creatures vanquished.

Notes
Turn   | Place    | Note
-------+----------+-------------------------------------------
     0 | D:1      | mopl the Djinni Transmuter began the quest for the Orb.
     0 | D:1      | mopl set off with the following spells memorised: Beastly
                  | Appendage, Wereblood, Spider Form, Ice Form.
     0 | D:1      | Reached XP level 1. HP: 17/17 MP: 0/0
    83 | D:1      | Reached XP level 2. HP: 19/22 MP: 0/0
   445 | D:1      | Reached XP level 3. HP: 14/27 MP: 0/0
   445 | D:1      | Learned a level 1 spell: Kiss of Death
   545 | D:1      | You are sucked into a shaft and drop 1 floor!
   701 | D:1      | Reached skill level 2 in Spellcasting
  1344 | D:2      | Reached skill level 4 in Unarmed Combat
  1440 | D:2      | Found a glowing golden altar of the Shining One.
  1591 | D:2      | Reached XP level 4. HP: 32/32 MP: 0/0
  1889 | D:2      | Found Lulumia's Magic Scroll Shop.
  1894 | D:2      | Bought a scroll of blinking for 75 gold pieces
  1894 | D:2      | Bought a scroll of identify for 20 gold pieces
  1894 | D:2      | Bought a scroll of teleportation for 30 gold pieces
  1973 | D:3      | Found a shadowy altar of Dithmenos.
  2075 | D:3      | Found a hazy altar of Hepliaklqana.
  2077 | D:3      | Found a glowing silver altar of Zin.
  2241 | D:3      | Found a snail-covered altar of Cheibriados.
  2241 | D:3      | Found a white marble altar of Elyvilon.
  2564 | D:3      | Found a blossoming altar of Fedhas.
  2690 | D:4      | Noticed ma3's ghost (weakling BaWr)
  2691 | D:4      | Found a runed translucent gate.
  2691 | D:4      | Found a runed translucent gate.
  2691 | D:4      | Found a runed translucent gate.
  2739 | D:4      | Reached XP level 5. HP: 25/37 MP: 0/0
  2739 | D:4      | Learned a level 2 spell: Passwall
  2838 | D:3      | Reached skill level 5 in Unarmed Combat
  3627 | D:4      | Found a broken altar of Ashenzari.
  3744 | D:2      | Bought a scroll of fog for 40 gold pieces
  3744 | D:2      | Bought a scroll of identify for 20 gold pieces
  3744 | D:2      | Bought a scroll of vulnerability for 40 gold pieces
  3811 | D:5      | Entered Level 5 of the Dungeon
  3948 | D:5      | Reached XP level 6. HP: 37/42 MP: 0/0
  3999 | D:5      | Reached skill level 3 in Spellcasting
  4006 | D:5      | Found a staircase to the Ecumenical Temple.
  4006 | D:5      | Noticed an ogre
  4011 | Temple   | Entered the Ecumenical Temple
  4018 | Temple   | Became a worshipper of Warmaster Okawaru
  4218 | D:4      | Reached skill level 6 in Unarmed Combat
  4418 | D:5      | Killed an ogre
  4419 | D:5      | Reached skill level 1 in Invocations
  4419 | D:5      | Reached XP level 7. HP: 46/47 MP: 0/0
  4419 | D:5      | Learned a level 3 spell: Vampiric Draining
  4759 | D:5      | Reached * piety under Okawaru
  4836 | D:6      | Reached skill level 2 in Invocations
  4983 | D:6      | Reached skill level 7 in Unarmed Combat
  4986 | D:6      | Reached XP level 8. HP: 52/52 MP: 0/0
  5817 | D:2      | Bought a scroll of magic mapping for 75 gold pieces
  6014 | D:7      | Noticed a wyvern
  6023 | D:7      | Killed a wyvern
  6024 | D:7      | Reached skill level 4 in Spellcasting
  6024 | D:7      | Reached skill level 3 in Invocations
  6087 | D:7      | Noticed a wyvern
  6092 | D:7      | Reached skill level 8 in Unarmed Combat
  6105 | D:7      | Killed a wyvern
  6106 | D:7      | Reached skill level 4 in Invocations
  6106 | D:7      | Reached XP level 9. HP: 43/57 MP: 0/0
  6106 | D:7      | Learned a level 4 spell: Cause Fear
  6108 | D:7      | Reached ** piety under Okawaru
  6381 | D:7      | Found a runed translucent door.
  6382 | D:7      | Noticed Crazy Yiuf
  6767 | D:7      | Reached skill level 1 in Throwing
  6767 | D:7      | Reached skill level 9 in Unarmed Combat
  6781 | D:7      | Reached skill level 2 in Fighting
  6924 | D:7      | Slain by a wight

Illustrated notes

Levels and vault maps discovered:
D:1:      erik_arrival_cave_to_civilisation [erik_arrival_cave_to_hall],
          layout_loops_corners
D:2:      layout_loops_corners, serial_shops, nicolae_shop_hallway_plus,
          basic_altar, hex_tiny, minmay_pentomino_x4
D:3:      layout_rooms, lemuel_tele_altar, nicolae_overflow_two_pavilions,
          fedhas_altar_4, grunt_temple_overflow_open, kennysheep_crisscross,
          chequers_hall_statues_wall_a, minmay_starry_boxes
D:4:      layout_gridville, kennysheep_little_box, gammafunk_ghost_split
D:5:      layout_rooms, minmay_temple_entry_ruins, serial_glass,
          glass_columns_a, glass_columns_a, serial_park_tiny_1,
          kennysheep_doodads
D:6:      layout_rooms
D:7:      minmay_bubble_buster, layout_loops_ring, uniq_crazy_yiuf_cottage
Temple:   nicolae_temple_ecumenical_triangle

Skill      XL: |  1  2  3  4  5  6  7  8  9 |
---------------+----------------------------+-----
Spellcasting   | 2 3 4 |  4.8
Unarmed Combat | 4 5 6 7 8 9 |  9.3
Invocations    | 1 2 4 |  4.7
Throwing       | 1 |  1.3
Fighting       | 2 |  2.1
Dodging        | |  2.1

Action                     |  1- 3 |  4- 6 |  7- 9 || total
---------------------------+-------+-------+-------++-------
  Melee: Unarmed           |   108 |   154 |   152 ||   414
         Headbutt          |    15 |    15 |     6 ||    36
         Punch             |       |     4 |     7 ||    11
  Throw: Dart              |       |       |     2 ||     2
   Cast: Beastly Appendage |    22 |    22 |     7 ||    51
         Spider Form       |       |     6 |     7 ||    13
         Wereblood         |       |       |     3 ||     3
         Vampiric Draining |       |       |     1 ||     1
         Kiss of Death     |       |       |     1 ||     1
  Evoke: Wand              |       |       |     1 ||     1
    Use: Scroll            |       |     5 |     2 ||     7
         Potion            |       |     2 |     2 ||     4
   Stab: Sleeping          |     2 |     2 |       ||     4
 Armour: Robe              |    10 |    27 |     2 ||    39
         Skin              |       |     9 |    36 ||    45
  Dodge: Dodged            |    59 |   110 |    76 ||   245
  Block: Other             |       |    23 |    31 ||    54
         Reflection        |       |       |     1 ||     1

Table legend: (Time is in decaauts)
 A = Elapsed time spent in this place.
 B = Non-inter-level travel time spent in this place.
 C = Inter-level travel time spent in this place.
 D = Time resting spent in this place.
 E = Time spent auto-exploring this place.
 F = Levels seen in this place.
 G = Mean time per level.
                   A        B        C        D        E       F      G
               +--------+--------+--------+--------+--------+-----+--------+
         Total |   6896 |   6464 |    432 |   1457 |   3830 |   8 |  862.0 |
       Dungeon |   6881 |   6449 |    432 |   1457 |   3830 |   7 |  983.0 |
        Temple |     14 |     14 |      0 |      0 |      0 |   1 |   14.0 |
               +--------+--------+--------+--------+--------+-----+--------+

Top non-repeatable levels by time:
     D:4: 1122 daAuts
     D:5: 1089 daAuts
     D:1: 1059 daAuts
     D:2: 943 daAuts
     D:7: 910 daAuts
     D:6: 884 daAuts
     D:3: 872 daAuts
  Temple: 14 daAuts
